 Dungeon Crawl Stone Soup version 0.29.1-13-g9f3cf754e1 (webtiles) character file.

Game seed: 13870217005074952994

1190 KittyFluff the Cudgeller (level 8, -6/49 HPs)
             Began as a Gargoyle Berserker on Feb 5, 2023.
             Was a Priest of Trog.
             Mangled by an orc warrior
             ... wielding a +0 battleaxe
              (10 damage)
             ... on level 5 of the Dungeon.
             The game lasted 00:19:21 (5395 turns).

KittyFluff the Cudgeller (Gargoyle Berserker)       Turns: 5395, Time: 00:19:22

Health: -6/49      AC: 19    Str: 31    XL:     8   Next: 43%
Magic:  8/8        EV: 12    Int:  8    God:    Trog [***...]
Gold:   225        SH:  0    Dex: 11    Spells: 7/7 levels left

rFire   . . .      SeeInvis .   u - +0 flail (protect)
rCold   + + .      Faith    .   (no shield)
rNeg    + + .      Spirit   .   t - +0 leather armour
rPois   ∞          Reflect  .   (no helmet)
rElec   +          Harm     .   l - +1 cloak of Least Resistance {Contam rC++ rN+ Str+4}
rCorr   .          Rampage  .   p - +0 pair of gloves
Will    .....                   (no boots)
Stlth   +.........              (no amulet)
HPRegen 0.16/turn               b - +6 ring of strength
MPRegen 0.11/turn               (no ring)

@: under a protective aura, on berserk cooldown, slowed, very slow
A: sickness immunity, AC +5, negative energy resistance 1, electricity
resistance, torment resistance 1, petrification resistance
a: Renounce Religion, Berserk, Trog's Hand


You were on level 5 of the Dungeon.
You worshipped Trog.
Trog was most pleased with you.
You visited 1 branch of the dungeon, and saw 5 of its levels.

You collected 225 gold pieces.

Inventory:

Hand Weapons
 a - a +0 mace
 k - a +0 sling
 u - a +0 flail of protection (weapon)
Missiles
 e - 6 atropa-tipped darts
 f - 45 stones (quivered)
 x - 4 poisoned darts
 C - 4 curare-tipped darts
Armour
 d - a +0 ring mail
 l - the +1 cloak of Least Resistance (worn) {Contam rC++ rN+ Str+4}
   (You found it on level 2 of the Dungeon)

   Str:       It affects your strength (+4).
   rC:        It greatly protects you from cold.
   rN:        It protects you from negative energy.
   Contam:    It causes magical contamination when unequipped.
 p - a +0 pair of gloves (worn)
 s - a +0 scale mail
 t - a +0 leather armour (worn)
Jewellery
 b - a +6 ring of strength (left hand)
 G - an amulet of magic regeneration
Wands
 D - a wand of polymorph (8)
Scrolls
 i - a scroll of vulnerability {unknown}
 j - 3 scrolls of identify {unknown}
 q - a scroll of enchant weapon {unknown}
 r - a scroll of amnesia {unknown}
 y - a scroll of torment {unknown}
 E - 2 scrolls of fear {unknown}
 F - a scroll of butterflies {unknown}
 H - a scroll of brand weapon {unknown}
Potions
 c - 2 potions of magic {unknown}
 g - 3 potions of resistance {unknown}
 h - 2 potions of curing {unknown}
 m - a potion of attraction {unknown}
 n - 4 potions of flight {unknown}
 o - a potion of heal wounds {unknown}
 v - a potion of lignification {unknown}
 w - a potion of mutation {unknown}
 z - a potion of berserk rage {unknown}
 A - a potion of brilliance {unknown}
 B - a potion of ambrosia {unknown}


   Skills:
 + Level 5.2 Fighting
 + Level 7.2 Maces & Flails
 * Level 5.5 Armour
 + Level 3.4 Dodging
 + Level 1.7 Stealth


You had 7 spell levels left.
You didn't know any spells.
Your spell library was empty.

Dungeon Overview and Level Annotations

Branches:
Dungeon (5/15)
 Temple: D:4-7

Altars:
Xom


Innate Abilities, Weirdness & Mutations

You are immune to sickness and miasma.
Your stone body is resilient. (AC +5)
You are immune to poison.
You resist negative energy. (rN+)
You are resistant to electric shocks. (rElec)
You are resistant to unholy torment.
You are immune to petrification.


Message History

Nroviw's ghost closely misses you. The howler monkey misses you.
You sock the howler monkey!
The howler monkey is almost dead.
Nroviw's ghost hits you but does no damage.
You closely miss the howler monkey.
The howler monkey is almost dead.
The howler monkey hits you but does no damage.
You barely miss the howler monkey.
The howler monkey is almost dead.
The howler monkey barely misses you. Nroviw's ghost hits you.
* * * LOW HITPOINT WARNING * * *
You closely miss the howler monkey.
The howler monkey is almost dead.
The howler monkey hits you.
* * * LOW HITPOINT WARNING * * *
Nroviw's ghost hits you but does no damage.
You sock the howler monkey!
You kill the howler monkey!
Trog accepts your kill. Nroviw's ghost completely misses you.
You hit nroviw's ghost but do no damage.
Nroviw's ghost is heavily damaged.
You barely miss nroviw's ghost.
Nroviw's ghost is heavily damaged.
Nroviw's ghost closely misses you.
You bludgeon nroviw's ghost!!
Nroviw's ghost is almost destroyed.
Nroviw's ghost barely misses you.
You closely miss nroviw's ghost.
Nroviw's ghost is almost destroyed.
Nroviw's ghost barely misses you.
You thump nroviw's ghost!
You destroy nroviw's ghost!
Trog accepts your kill.
Your Maces & Flails skill increases to level 7!
You are no longer berserk.
You are exhausted.
You feel yourself slow down.
The orc warrior hits you with a +0 battleaxe!
You die...

###.............# #
##...#########..# #
.....#.......#..# #
##...#..#.#..#..## ##### #
#...#S/.#...'...## #...####
#...#.$.....'....# #.......
##..#...#...'..#.# #...####
##..#..#.#..#..#.# ##.## #
##...#.......#.o@.# ###...## #
#....#########..#.# #:.....# #
..................# #.#...## #
..................######.#...####
........+...........)...........+
........####...##.######.#...####
.......## ##.###.# #.##.## #
#.....## #####.## #.#### ##)..##
#.....# #.########


You could see an orc warrior.

Vanquished Creatures
  The ghost of nroviw the Ruffian, an amateur TrBe of Trog (D:5)
  A wyvern (D:4)
  3 ogres (D:5)
  3 scorpions
  A necrophage (D:5)
  A howler monkey (D:5)
  2 jellies
  An orc priest (D:3)
  An iguana (D:5)
  Terence (D:2)
  Natasha (D:2)
  6 gnolls (D:4)
  5 adders
  A shadow imp (D:5)
  3 worms
  A dart slug (D:4)
  6 orcs
  5 bats
  6 endoplasms
  2 giant cockroaches
  7 goblins
  3 hobgoblins
  2 jackals (D:1)
  5 kobolds
  6 quokkas
  8 ball pythons
  3 frilled lizards
  4 rats
89 creatures vanquished.

Notes
Turn   | Place    | Note
-------+----------+-------------------------------------------
     0 | D:1      | KittyFluff the Gargoyle Berserker began the quest for the
                  | Orb.
     0 | D:1      | Reached XP level 1. HP: 14/14 MP: 1/1
   294 | D:1      | Reached XP level 2. HP: 18/20 MP: 2/2
  1057 | D:2      | Identified the +1 cloak of Least Resistance {Contam rC++
                  | rN+ Str+4}
  1095 | D:2      | Reached XP level 3. HP: 24/24 MP: 3/3
  1617 | D:2      | Noticed Terence
  1624 | D:2      | Killed Terence
  1625 | D:2      | Reached XP level 4. HP: 25/29 MP: 4/4
  1657 | D:2      | Noticed Natasha
  1666 | D:2      | Killed Natasha
  1666 | D:2      | Reached ** piety under Trog
  2071 | D:3      | Reached skill level 4 in Maces & Flails
  2218 | D:3      | Reached XP level 5. HP: 33/33 MP: 5/5
  2757 | D:4      | Found a shimmering altar of Xom.
  3210 | D:4      | Noticed a wyvern
  3218 | D:4      | Killed a wyvern
  3219 | D:4      | Reached XP level 6. HP: 29/39 MP: 6/6
  3229 | D:4      | Reached skill level 5 in Maces & Flails
  3454 | D:4      | Reached XP level 7. HP: 44/44 MP: 7/7
  3468 | D:4      | Found the +7 captain's cutlass {speed, disarm}
  3485 | D:4      | Reached *** piety under Trog
  3611 | D:5      | Entered Level 5 of the Dungeon
  3923 | D:5      | Noticed nroviw's ghost (amateur TrBe)
  3975 | D:5      | Reached skill level 6 in Maces & Flails
  4380 | D:5      | Reached skill level 5 in Armour
  5004 | D:5      | Reached skill level 1 in Stealth
  5014 | D:5      | Reached skill level 5 in Fighting
  5014 | D:5      | Reached XP level 8. HP: 8/49 MP: 8/8
  5292 | D:5      | Found a runed translucent gate.
  5292 | D:5      | Found a runed translucent gate.
  5340 | D:5      | Found a runed translucent gate.
  5394 | D:5      | Killed nroviw's ghost
  5395 | D:5      | Reached skill level 7 in Maces & Flails
  5395 | D:5      | Mangled by an orc warrior

Illustrated notes

Levels and vault maps discovered:
D:1:      lightli_arrival_lavapool, layout_basic
D:2:      layout_loops_ring, uniq_natasha, uniq_terence
D:3:      minmay_evil_eye, layout_basic, kennysheep_cluttered_room,
          chequers_serial_rivers_room_b, minmay_diced_spiral
D:4:      layout_basic, brannock_xom_greatest_gift
D:5:      layout_loops_corners, gammafunk_ghost_split

Skill      XL: |  1  2  3  4  5  6  7  8 |
---------------+-------------------------+-----
Fighting       | 4 5 |  5.2
Dodging        | 2 3 |  3.4
Armour         | 3 4 5 |  5.5
Maces & Flails | 4 5 6 7 |  7.2
Stealth        | 1 |  1.7

Action                   |  1- 3 |  4- 6 |  7- 9 || total
-------------------------+-------+-------+-------++-------
Melee: Mace              |    93 |    18 |       ||   111
       Flail             |       |   101 |    96 ||   197
       Punch             |       |     1 |     1 ||     2
Invok: Berserk           |       |       |     1 ||     1
Armor: Animal skin       |    27 |       |       ||    27
       Leather armour    |       |    49 |    37 ||    86
Dodge: Dodged            |    64 |    94 |    57 ||   215
